 Dungeon Crawl Stone Soup version 0.16-a0-3536-g164200f (webtiles) character file.

5695 Gronka the Grappler (level 10, -1/100 HPs)
             Began as a Troll Monk on Jan 8, 2015.
             Was a Priest of Fedhas.
             Slain by a black mamba (13 damage)
             ... on level 2 of the Lair of Beasts.
             The game lasted 00:48:39 (7275 turns).

Gronka the Grappler (Troll Monk)                    Turns: 7275, Time: 00:48:40

Health: -1/100     AC:  7    Str: 23    XL:     10   Next: 47%
Magic:  0/5        EV: 15    Int: 13    God:    Fedhas [***...]
Gold:   487        SH:  0    Dex: 15    Spells: 0 memorised, 9 levels left

rFire  . . .     SeeInvis .       - Unarmed
rCold  . . .     Clarity  .     a - +2 robe
rNeg   . . .     SustAb   +     (shield restricted)
rPois  .         Gourm    +     (helmet restricted)
rElec  .         Spirit   +     (no cloak)
rCorr  .         Warding  .     (gloves unavailable)
rMut   .         Stasis   .     (boots unavailable)
MR     .....                    z - amulet of guardian spirit
Stlth  +++.......               (no ring)
                                g - ring of sustain abilities

@: brilliant, lethally poisoned, hasted, very quick, not resistant to hostile
enchantments, fairly stealthy
A: unfitting armour, beak, claws 3, thin skeletal structure 1, clever 1, fast
metabolism 3, gourmand, regeneration 2, shaggy fur 1, tough skin 2
a: Evolution, Sunlight, Growth, Renounce Religion


You were on level 2 of the Lair of Beasts.
You worshipped Fedhas.
Fedhas was most pleased with you.
You were not hungry.

You visited 3 branches of the dungeon, and saw 11 of its levels.
You also visited: Sewer.

You collected 487 gold pieces.

Inventory:

Armour
 a - a +2 robe (worn)
Jewellery
 g - a ring of sustain abilities (left claw)
 l - an uncursed ring of wizardry
 w - an uncursed ring of wizardry
 z - an amulet of guardian spirit (around neck)
Magical devices
 b - a wand of polymorph (11)
 j - a wand of polymorph (23)
 H - a wand of polymorph (5)
Scrolls
 h - a scroll of fear
 i - 7 scrolls of identify
 m - 4 scrolls of enchant armour
 q - 4 scrolls of magic mapping
 v - a scroll of remove curse
 y - a scroll of teleportation
 D - a scroll of amnesia
 E - a scroll of torment {unknown}
Potions
 c - a potion of cure mutation {unknown}
 d - a potion of agility {unknown}
 e - 2 potions of flight
 k - a potion of haste
 r - a potion of brilliance
 s - 2 potions of poison {unknown}
 t - a potion of restore abilities {unknown}
 x - a potion of decay {unknown}
 A - a potion of invisibility {unknown}
 F - a potion of lignification {unknown}
Books
 n - a book of Power

   Spells                             Type                      Level
   a - Fulminant Prism                Conjuration/Hexes            4
   b - Iskenderun's Mystic Blast      Conjuration                  4
   c - Venom Bolt                     Conjuration/Poison           5
   d - Bolt of Magma                  Conjuration/Fire/Earth       5
   e - Iron Shot                      Conjuration/Earth            6
   f - Orb of Destruction             Conjuration                  7
   g - Spellforged Servitor           Conjuration/Summoning        7
 p - a book of Debilitation

   Spells                             Type                      Level
   a - Corona                         Hexes                        1
   b - Slow                           Hexes                        2
   c - Inner Flame                    Hexes/Fire                   3
   d - Enslavement                    Hexes                        4
   e - Cause Fear                     Hexes                        4
   f - Leda's Liquefaction            Hexes/Earth                  4
Comestibles
 u - 2 slices of pizza
 B - 3 bread rations
 C - 6 beef jerkies


   Skills:
 + Level 6.6 Fighting
 + Level 8.8 Dodging
 + Level 2.5 Stealth
 + Level 9.9 Unarmed Combat
 + Level 1.0 Invocations


You had 9 spell levels left.
You didn't know any spells.

Dungeon Overview and Level Annotations

Branches:
Dungeon (8/15)             Temple (1/1) D:5            Lair (2/8) D:8

Altars:
Ashenzari
Cheibriados
Dithmenos
Elyvilon
Fedhas
Gozag
Kikubaaqudgha
Makhleb
Nemelex Xobeh
Okawaru
Qazlal
Ru
Sif Muna
Vehumet
Xom
Yredelemnul
Zin
The Shining One

Portals:
Volcano: Lair:2

Annotations:
D:8 Gronka's ghost, experienced TrMo


Innate Abilities, Weirdness & Mutations

You are too large for most types of armour.
You have claws for hands.
Your metabolism is lightning-fast.
You like to eat raw meat.
You heal very quickly.
You are covered in fur (AC +1).
You have very tough skin (AC +2).
You have a beak for a mouth.
You have a somewhat thin skeletal structure (Dex +2, Stealth).
Your mind is acute. (Int +2)


Message History

The black mamba bites you but does no damage.
The black mamba closely misses you. The black mamba bites you!
* * * LOW HITPOINT WARNING * * *
You barely miss the black mamba. Your peck misses the black mamba.
The black mamba bites you!
* * * LOW HITPOINT WARNING * * *
Zapping:
j - a wand of polymorph (24)
Press: ? - help, Shift-Dir - straight line, f - black mamba
Aim: a black mamba (chance 46%)
The black mamba resists with some effort.
This wand has 23 charges left.
The black mamba bites you.
* * * LOW HITPOINT WARNING * * *
You are poisoned.
The black mamba poisons you! The black mamba closely misses you.
Drink which item? (? for menu, Esc to quit)
You feel yourself speed up.
The sound of falling rocks suddenly begins to subside.
You feel sick. The black mamba bites you!
You die...
Fedhas appreciates your contribution to the ecosystem.

...#####......## ..
a...P##..##....## ..
..÷.....###.....###.# ..
........###.....#P#.##..
..........#..............
..........P....÷........#
..............[..........
..............#.S.........
................@........#
...........#.#............
.........................
.........................
.........................
........................
........................
........................
.......................


You could see a black mamba.

Vanquished Creatures
  A hill giant (D:7)
  A black mamba (Lair:2)
  9 yaks (Lair:2)
  A hippogriff (Lair:2)
  2 sky beasts (D:6)
  An orc warrior (D:8)
  2 soldier ants (Lair:2)
  A water moccasin (Lair:1)
  The ghost of Gronka the Ruffian, an average MiMo (D:3)
  3 ice beasts
  4 ogres
  3 centaurs
  A crocodile (Lair:1)
  4 giant frogs
  3 scorpions
  A goliath beetle (D:6)
  A giant frog zombie (D:6)
  2 jellies (D:7)
  A crimson imp (D:4)
  7 orc priests
  A quasit (D:7)
  2 hounds (D:6)
  4 iguanas
  7 orc wizards
  13 worker ants
  Ijyb (D:2)
  Terence (D:2)
  22 adders
  15 giant mites
  22 river rats
  3 shadow imps
  A worm (D:4)
  18 giant geckos
  11 oozes
  14 orcs
  10 bats
  A bat skeleton (D:5)
  17 goblins
  15 hobgoblins
  15 kobolds
  2 quokkas
  14 ball pythons (Sewer)
  17 giant cockroaches
  A giant gecko skeleton (D:6)
  18 giant newts
  2 hobgoblin zombies (D:4)
  9 jackals
  A kobold skeleton (D:4)
  A kobold zombie (D:4)
  An orc skeleton (D:4)
  4 rats
312 creatures vanquished.

Vanquished Creatures (collateral kills)
  A water moccasin (Lair:2)
  A crocodile (Lair:2)
2 creatures vanquished.

Vanquished Creatures (others)
  An orc priest (D:7)
  An orc wizard (D:7)
  An orc (D:7)
  A giant spore (D:7)
  2 wandering mushrooms (Lair:2)
  62 toadstools
68 creatures vanquished.

Grand Total: 382 creatures vanquished

Notes
Turn   | Place    | Note
--------------------------------------------------------------
     0 | D:1      | Gronka, the Troll Monk, began the quest for the Orb.
     0 | D:1      | Reached XP level 1. HP: 22/22 MP: 1/1
   105 | D:1      | Reached XP level 2. HP: 26/29 MP: 1/1
   685 | D:2      | Noticed Terence
   692 | D:2      | Killed Terence
   692 | D:2      | Reached XP level 3. HP: 19/36 MP: 2/2
   821 | D:2      | Noticed Ijyb
   829 | D:2      | Killed Ijyb
   829 | D:2      | Reached skill level 5 in Unarmed Combat
   829 | D:2      | Reached XP level 4. HP: 44/44 MP: 2/2
  1443 | D:3      | Noticed Gronka's ghost (average MiMo)
  1457 | D:3      | Killed Gronka's ghost
  1457 | D:3      | Reached XP level 5. HP: 16/53 MP: 2/2
  2006 | D:4      | Reached XP level 6. HP: 51/61 MP: 3/3
  2075 | D:4      | Found a glowing golden altar of the Shining One.
  3231 | D:5      | Entered Level 5 of the Dungeon
  3243 | D:5      | Reached skill level 6 in Unarmed Combat
  3245 | D:5      | Reached XP level 7. HP: 58/68 MP: 3/3
  3368 | D:5      | Found a glowing drain.
  3440 | D:5      | Found a staircase to the Ecumenical Temple.
  3478 | Temple   | Entered the Ecumenical Temple
  3557 | Temple   | Became a worshipper of Fedhas Madash
  3557 | Temple   | Acquired Fedhas' first power
  3557 | Temple   | Acquired Fedhas' second power
  3799 | Sewer    | Entered a sewer
  3932 | Sewer    | Reached skill level 5 in Dodging
  4111 | Sewer    | Reached skill level 7 in Unarmed Combat
  4335 | D:5      | Reached XP level 8. HP: 73/78 MP: 3/3
  4372 | D:6      | Found a snail-covered altar of Cheibriados.
  4394 | D:6      | Found an ancient bone altar of Kikubaaqudgha.
  4429 | D:6      | Noticed an oklob plant
  4545 | D:6      | Found a glowing golden altar of the Shining One.
  5381 | D:7      | Noticed a hill giant
  5399 | D:7      | Killed a hill giant
  5399 | D:7      | Reached skill level 5 in Fighting
  5399 | D:7      | Reached skill level 8 in Unarmed Combat
  5399 | D:7      | Reached XP level 9. HP: 36/88 MP: 4/4
  5755 | D:7      | Found a radiant altar of Vehumet.
  5936 | D:8      | Noticed Gronka's ghost (experienced TrMo)
  6183 | D:8      | Found a staircase to the Lair.
  6193 | Lair:1   | Entered Level 1 of the Lair of Beasts
  6282 | Lair:1   | Reached skill level 9 in Unarmed Combat
  6615 | Lair:1   | Noticed a spiny frog
  6618 | Lair:1   | Noticed an eight-headed hydra
  6665 | Lair:2   | Found a dark tunnel.
  6736 | Lair:2   | Noticed a black mamba
  6759 | Lair:2   | Killed a black mamba
  6764 | Lair:2   | Reached XP level 10. HP: 50/98 MP: 2/4
  7162 | Lair:2   | Reached skill level 1 in Invocations
  7207 | Lair:2   | Acquired Fedhas' third power
  7227 | Lair:2   | Gained mutation: You have a somewhat thin skeletal structure (Dex +2, Stealth). [potion of mutation]
  7227 | Lair:2   | Gained mutation: Your mind is acute. (Int +2) [potion of mutation]
  7227 | Lair:2   | Gained mutation: You have a beak for a mouth. [potion of mutation]
  7268 | Lair:2   | Noticed a black mamba
  7275 | Lair:2   | Slain by a black mamba

Action                   |  1- 3 |  4- 6 |  7- 9 | 10-12 || total
-------------------------+-------+-------+-------+-------++-------
Melee: Unarmed           |    62 |   187 |   610 |   106 ||   965
Invok: Evolution         |       |       |       |     2 ||     2
Evoke: Wand              |       |       |       |     1 ||     1
  Use: Scroll            |       |     3 |    15 |     2 ||    20
       Potion            |       |       |    11 |     4 ||    15
 Stab: Sleeping          |       |     1 |     4 |       ||     5
       Confused          |       |       |       |     3 ||     3
  Eat: Meat ration       |     1 |     2 |       |     1 ||     4
       Chunk             |     1 |     9 |    14 |       ||    24
       Fruit             |       |     3 |     3 |       ||     6
       Beef jerky        |       |     1 |       |       ||     1
       Bread ration      |       |       |     3 |       ||     3
       Royal jelly       |       |       |       |     1 ||     1
